 Dungeon Crawl Stone Soup version 0.20.1-1-g8b1a95d (webtiles) character file.

4872 Kairos the Cruncher (level 10, -18/79 HPs)
             Began as a Formicid Fighter on Mar 6, 2018.
             Was a High Priest of Okawaru.
             Demolished by Gastronok the juggernaut (45 damage)
             ... on level 8 of the Dungeon on Mar 7, 2018.
             The game lasted 00:25:35 (6865 turns).

Kairos the Cruncher (Formicid Fighter)              Turns: 6865, Time: 00:25:35

Health: -18/79     AC: 18    Str: 21    XL:     10   Next: 79%
Magic:  8/10       EV: 15    Int:  9    God:    Okawaru [*****.]
Gold:   105        SH: 14    Dex: 16    Spells: 9/9 levels left

rFire    . . .     SeeInvis +   M - +4 quarterstaff (chaos)
rCold    . . .     Gourm    .   c - +0 shield
rNeg     . . .     Faith    +   R - +2 scale mail {rPois}
rPois    +         Spirit   .   (helmet unavailable)
rElec    .         Reflect  .   N - +1 cloak
rCorr    .         Harm     .   y - +0 pair of gloves
MR       +....                  (no boots)
Stlth    ++........             C - amulet of faith
Regen    0.3/turn               n - +4 ring of dexterity
MPRegen  0.2/turn               F - +3 ring of protection

@: heroism
A: permanent stasis, dig shafts and tunnels, four strong arms, antennae 3
a: Dig, Shaft Self, Heroism, Finesse, Renounce Religion


You were on level 8 of the Dungeon.
You worshipped Okawaru.
Okawaru was extremely pleased with you.
You were not hungry.

You visited 1 branch of the dungeon, and saw 8 of its levels.

You collected 339 gold pieces.
You spent 234 gold pieces at shops.

Inventory:

Hand Weapons
 x - a +1 quarterstaff of crushing
 M - a +4 quarterstaff of chaos (weapon)
 O - the +3 mace "Xyiw" {crush, rElec Int+3 Dex+4 Stlth-}
   (You found it on level 5 of the Dungeon)

   It inflicts extra damage upon your enemies.
   It affects your intelligence (+3).
   It affects your dexterity (+4).
   It insulates you from electricity.
   It makes you less stealthy.
 T - a cursed +3 trident of freezing
Armour
 c - a +0 shield (worn)
 y - a +0 pair of gloves (worn)
 N - a +1 cloak (worn)
 R - a +2 scale mail of poison resistance (worn)
 S - a +1 ring mail of poison resistance
Jewellery
 h - an uncursed amulet of regeneration
 n - a +4 ring of dexterity (left hand)
 A - a +4 ring of intelligence
 C - an amulet of faith (around neck)
 F - a +3 ring of protection (right hand)
Wands
 G - a wand of paralysis (2/24)
 J - a wand of digging (10/24)
Scrolls
 a - 2 scrolls of identify
 e - 2 scrolls of fog {unknown}
 j - 3 scrolls of enchant armour
 k - 2 scrolls of fear {unknown}
 l - 2 scrolls of magic mapping
 p - a scroll of blinking {unknown}
 t - 2 scrolls of recharging
 z - a scroll of noise {unknown}
 I - 2 scrolls of remove curse
 K - a scroll of enchant weapon {unknown}
 L - a scroll of teleportation {unknown}
 P - a scroll of vulnerability {unknown}
 Q - a scroll of silence {unknown}
Potions
 d - 3 potions of might
 g - a potion of lignification {unknown}
 m - a potion of degeneration {unknown}
 o - a potion of berserk rage {unknown}
 r - 2 potions of brilliance {unknown}
 s - 3 potions of curing
 u - a potion of mutation {unknown}
 w - a potion of agility {unknown}
 B - 2 potions of flight {unknown}
 E - a potion of heal wounds {unknown}
 H - a potion of resistance {unknown}
Books
 b - a book of Cantrips

   Spells                             Type                      Level
   a - Confusing Touch                Hexes                        1
   b - Animate Skeleton               Necromancy                   1
   c - Summon Small Mammal            Summoning                    1
   d - Apportation                    Translocation                1
 i - the Incunabulum of the Volcanoes and Weightlessness
   (You found it on level 7 of the Dungeon)

   Spells                             Type                      Level
   a - Shock                          Conjuration/Air              1
   b - Conjure Flame                  Conjuration/Fire             3
   c - Fireball                       Conjuration/Fire             5
   d - Silence                        Hexes/Air                    5
   e - Conjure Ball Lightning         Conjuration/Air              6
Comestibles
 f - 5 bread rations
 q - 3 royal jellies
 v - 4 fruits
 D - 5 meat rations
 U - 3 chunks of flesh


   Skills:
 + Level 7.4(12.4) Fighting
 + Level 10.2(15.2) Staves
 + Level 6.9(11.9) Armour
 + Level 2.6(7.6) Dodging
 + Level 2.2(7.2) Stealth
 + Level 9.0(14.0) Shields


You had 9 spell levels left.
You didn't know any spells.

Dungeon Overview and Level Annotations

Branches:
Dungeon (8/15)             Temple (0/1) D:5
   Lair: D:8-11

Altars:
Fedhas
Kikubaaqudgha
Makhleb
Okawaru
Ru
Yredelemnul
Zin
The Shining One

Shops:
D:6 [

Annotations:
D:8 Gastronok


Innate Abilities, Weirdness & Mutations

You cannot be hasted, slowed, berserked, paralysed or teleported.
You can dig through walls and to a lower floor.
Your four strong arms can wield two-handed weapons with a shield.
You have a pair of large antennae on your head. (SInv)


Message History

You hit Gastronok but do no damage.
Gastronok is lightly wounded.
You barely miss Gastronok.
Gastronok is lightly wounded.
You hit Gastronok but do no damage.
Gastronok is lightly wounded.
You block Gastronok's attack. x2
You hit Gastronok but do no damage.
Gastronok looks as sick as possible!
Gastronok is lightly wounded.
You hit Gastronok but do no damage.
Gastronok is moderately wounded.
You hit Gastronok. You freeze Gastronok.
Gastronok is moderately wounded.
You hit Gastronok but do no damage.
Gastronok is moderately wounded.
You hit Gastronok but do no damage.
Gastronok seems to slow down.
Gastronok is moderately wounded.
Gastronok hits you!!!
Ouch! That really hurt!
You die...

# #.#####.##.....#.# #รท#
#.#.#$.............# #<#
##..................# #)#
....................####.#
#......##.##.##........
###.##)##.#..#...##...#
#.##.................
#.##C......#...##.###
##.#.@....#....###.# #
#...........#..# #.# #
#.)#.......##..# #.# #
#))............# #.# #
#.###.##.#.##>## #.# # #.#
#.##.#.##.# #.# # #[#
#.........# #.# # #.#
####.#.#.... #.##
#.#.##.##


You could see Gastronok the juggernaut.

Vanquished Creatures
  Grinder (D:6)
  2 hippogriffs
  A hornet (D:8)
  Prince Ribbit (D:5)
  Eustachio (D:6)
  Grum (D:8)
  A steam dragon (D:8)
  Edmund (D:4)
  2 orc warriors
  A black bear (D:8)
  An ice beast (D:6)
  A sky beast (D:6)
  2 wolves (D:8)
  An ogre (D:7)
  2 centaurs
  5 bullfrogs
  A wyvern zombie (D:6)
  5 scorpions
  5 killer bees (D:8)
  8 wights (D:7)
  4 howler monkeys
  A crimson imp (D:5)
  2 bullfrog zombies
  4 hounds
  A jelly (D:7)
  2 gnoll shamans
  Crazy Yiuf (D:5)
  4 orc priests
  A centaur skeleton (D:8)
  3 iguanas
  Ijyb (D:5)
  6 orc wizards
  6 worker ants
  A hound skeleton (D:6)
  9 gnolls
  3 worker ant zombies
  10 adders
  4 worms
  3 dart slugs
  4 leopard geckos
  35 orcs
  3 giant cockroaches
  7 goblins
  8 hobgoblins
  13 jackals
  8 bats
  9 kobolds
  2 rats
198 creatures vanquished.

Vanquished Creatures (others)
  2 orcs (D:8)
2 creatures vanquished.

Grand Total: 200 creatures vanquished

Notes
Turn   | Place    | Note
-------+----------+-------------------------------------------
     0 | D:1      | Kairos the Formicid Fighter began the quest for the Orb.
     0 | D:1      | Reached XP level 1. HP: 18/18 MP: 1/1
    49 | D:1      | Reached XP level 2. HP: 12/24 MP: 2/2
  1045 | D:2      | Reached XP level 3. HP: 28/30 MP: 3/3
  1155 | D:2      | Found a burning altar of Makhleb.
  1160 | D:2      | Found a basalt altar of Yredelemnul.
  1162 | D:2      | Found a sacrificial altar of Ru.
  1207 | D:2      | Found a blossoming altar of Fedhas.
  1302 | D:2      | Found an ancient bone altar of Kikubaaqudgha.
  1436 | D:2      | Found a glowing golden altar of the Shining One.
  1586 | D:2      | Reached XP level 4. HP: 37/37 MP: 4/4
  1753 | D:3      | Reached skill level 3 in Staves
  1782 | D:3      | Reached XP level 5. HP: 27/42 MP: 5/5
  1903 | D:3      | Found an iron altar of Okawaru.
  1934 | D:3      | Became a worshipper of Warmaster Okawaru
  2314 | D:4      | Reached skill level 1 in Dodging
  2314 | D:4      | Reached XP level 6. HP: 49/49 MP: 6/6
  2345 | D:4      | Noticed Edmund
  2377 | D:4      | Killed Edmund
  2377 | D:4      | Reached * piety under Okawaru
  2377 | D:4      | Reached skill level 4 in Staves
  2377 | D:4      | Reached skill level 5 in Shields
  2507 | D:4      | Reached XP level 7. HP: 14/55 MP: 7/7
  3188 | D:4      | Reached skill level 5 in Staves
  3387 | D:5      | Entered Level 5 of the Dungeon
  3409 | D:5      | Noticed Prince Ribbit
  3461 | D:5      | Noticed Ijyb
  3470 | D:5      | Killed Ijyb
  3556 | D:5      | Reached skill level 5 in Fighting
  3556 | D:5      | Reached XP level 8. HP: 50/62 MP: 8/8
  3709 | D:5      | Reached ** piety under Okawaru
  3803 | D:5      | Killed Prince Ribbit
  3803 | D:5      | Reached skill level 6 in Staves
  3803 | D:5      | Reached skill level 5 in Armour
  4282 | D:5      | Found a staircase to the Ecumenical Temple.
  4304 | D:5      | Found a glowing silver altar of Zin.
  4304 | D:5      | Noticed an angel
  4339 | D:5      | Found a runed door.
  4613 | D:5      | Noticed Crazy Yiuf
  4618 | D:5      | Killed Crazy Yiuf
  4626 | D:5      | Got an iridescent mace
  4628 | D:5      | Identified the +3 mace "Xyiw" {crush, rElec Int+3 Dex+4 Stlth-} (You found it on level 5 of the Dungeon)
  4701 | D:6      | Reached skill level 7 in Staves
  4801 | D:6      | Reached *** piety under Okawaru
  4801 | D:6      | Reached XP level 9. HP: 68/68 MP: 9/9
  4817 | D:6      | Noticed Eustachio
  4874 | D:6      | Killed Eustachio
  4874 | D:6      | Reached skill level 8 in Staves
  4876 | D:6      | Reached **** piety under Okawaru
  4883 | D:6      | Noticed Grinder
  4896 | D:6      | Killed Grinder
  4896 | D:6      | Reached skill level 1 in Stealth
  5023 | D:6      | Found Veheotuf's Armour Shoppe.
  5027 | D:6      | Bought a +2 scale mail of poison resistance for 234 gold pieces
  5065 | D:6      | Received a gift from Okawaru
  5316 | D:7      | Noticed a hippogriff
  5322 | D:7      | Killed a hippogriff
  5387 | D:7      | Identified the Incunabulum of the Volcanoes and Weightlessness
  5404 | D:7      | Reached XP level 10. HP: 64/77 MP: 10/10
  5411 | D:7      | Reached skill level 9 in Staves
  5446 | D:7      | Reached ***** piety under Okawaru
  6032 | D:8      | Noticed Grum
  6035 | D:8      | Received a gift from Okawaru
  6057 | D:8      | Killed Grum
  6083 | D:8      | HP: 3/79 [hornet (12)]
  6092 | D:8      | Reached skill level 10 in Staves
  6449 | D:8      | Noticed Gastronok
  6678 | D:8      | Noticed Gastronok
  6678 | D:8      | Gastronok changed into Gastronok the juggernaut
  6865 | D:8      | Demolished by Gastronok the juggernaut

Skill      XL: |  1  2  3  4  5  6  7  8  9 10 |
---------------+-------------------------------+-----
Shields        | 4 5 6 8 9 |  9.0
Fighting       | 4 5 6 7 |  7.4
Staves         | 3 4 5 7 8 10 | 10.2
Armour         | 4 5 6 |  6.9
Dodging        | 1 2 |  2.6
Stealth        | 1 2 |  2.2

Action                   |  1- 3 |  4- 6 |  7- 9 | 10-12 || total
-------------------------+-------+-------+-------+-------++-------
Melee: Quarterstaff      |    99 |   191 |   316 |   207 ||   813
Invok: Heroism           |       |       |       |     2 ||     2
 Abil: Dig               |       |     1 |       |       ||     1
  Use: Scroll            |       |       |     5 |       ||     5
       Potion            |       |       |       |     1 ||     1
 Stab: Confused          |       |       |     2 |       ||     2
       Paralysed         |       |       |       |     7 ||     7
  Eat: Chunk             |     2 |     4 |     9 |     5 ||    20
Armor: Scale mail        |    56 |    79 |    15 |    57 ||   207
       Chain mail        |       |    20 |   100 |       ||   120
Dodge: Dodged            |    33 |    86 |    78 |    62 ||   259
Block: Shield            |    69 |   152 |   154 |   103 ||   478
